 Dungeon Crawl Stone Soup version 0.25-a0-661-g55ea3d2053 (webtiles) character file.

Game seed: 11288336847575910953, levelgen mode: deterministic

470 Lauz the Spear-Bearer (level 7, -6/53 HPs)
             Began as a Merfolk Gladiator on Mar 23, 2020.
             Was a Follower of Okawaru.
             Splashed by Ijyb's acid (8 damage)
             ... on level 5 of the Dungeon.
             The game lasted 00:10:03 (3834 turns).

Lauz the Spear-Bearer (Merfolk Gladiator)           Turns: 3834, Time: 00:10:04

Health: -6/53      AC:  1    Str: 16    XL:     7   Next: 9%
Magic:  5/7        EV: 19    Int: 11    God:    Okawaru [*.....]
Gold:   138        SH:  0    Dex: 15    Spells: 6/6 levels left

rFire    . . .     SeeInvis .   a - +0 trident
rCold    . . .     Gourm    .   (no shield)
rNeg     . . .     Faith    .   b - +0 leather armour
rPois    .         Spirit   .   s - +1 helmet {Int+3}
rElec    .         Reflect  .   (no cloak)
rCorr    .         Harm     .   (no gloves)
MR       .....                  (no boots)
Stlth    +++.......             (no amulet)
HPRegen  0.17/turn              n - ring of flight
MPRegen  0.10/turn              (no ring)

@: heroism, corroded
A: change form in water, swift swim, stealthy swim
a: Heroism, Renounce Religion, Evoke Flight


You were on level 5 of the Dungeon.
You worshipped Okawaru.
Okawaru was aware of your devotion.
You were hungry.

You visited 1 branch of the dungeon, and saw 5 of its levels.

You collected 138 gold pieces.

Inventory:

Hand Weapons
 a - a +0 trident (weapon)
Missiles
 d - 3 throwing nets (quivered)
Armour
 b - a +0 leather armour (worn)
 c - a +0 helmet
 s - a +1 helmet of intelligence (worn)
Jewellery
 n - a ring of flight (left hand)
Wands
 p - a wand of polymorph (9)
Scrolls
 e - 2 scrolls of remove curse {unknown}
 g - 2 scrolls of blinking {unknown}
 j - 2 scrolls of identify {unknown}
 o - 4 scrolls of teleportation {unknown}
 t - a scroll of fear {unknown}
Potions
 h - a potion of stabbing {unknown}
 i - a potion of degeneration {unknown}
 k - 5 potions of curing {unknown}
 l - 2 potions of brilliance {unknown}
 m - a potion of flight {unknown}
 q - 2 potions of heal wounds {unknown}
 r - a potion of lignification {unknown}
Comestibles
 f - 6 rations


   Skills:
 + Level 3.8(8.8) Fighting
 + Level 9.0(14.0) Polearms
 - Level 2.1(7.1) Throwing
 + Level 5.9(10.9) Dodging
 + Level 0.8(5.8) Unarmed Combat


You had 6 spell levels left.
You didn't know any spells.
Your spell library was empty.

Dungeon Overview and Level Annotations

Branches:
Dungeon (5/15)
 Temple: D:4-7

Altars:
Cheibriados
Elyvilon
Fedhas
Okawaru
Qazlal
Uskayaw
Vehumet
Wu Jian

Annotations:
D:5 Ijyb


Message History

Ijyb is moderately wounded.
Ijyb completely misses you.
You hit Ijyb but do no damage.
Ijyb is moderately wounded.
You closely miss Ijyb.
Ijyb is moderately wounded.
Ijyb hits you but does no damage.
You barely miss Ijyb.
Ijyb is lightly wounded.
The centaur shoots an arrow.
The arrow completely misses you.
Ijyb hits you with a +0 dagger of speed.
You hit Ijyb but do no damage.
Ijyb is lightly wounded.
The centaur shoots an arrow.
The arrow misses you. Ijyb hits you but does no damage.
The centaur unwields a +0 shortbow.
The centaur hits you.
Ijyb zaps a wand.
The bolt of acid hits you!!
* * * LOW HITPOINT WARNING * * *
You are splashed with acid!
You die...

##.####
#.# #.#
#.# #.#
#(# ##.#
#####.(#
#..og@##
......c..#
...$.....#
.........#
........=#
>........#
.........#
.........#


You could see Ijyb, a centaur and an orc.

Vanquished Creatures
  Eustachio (D:4)
  A scorpion (D:4)
  A howler monkey (D:4)
  2 hounds (D:4)
  An orc wizard (D:4)
  A worker ant (D:4)
  Robin (D:3)
  2 adders (D:3)
  4 worms
  2 dart slugs (D:3)
  3 leopard geckos
  3 orcs
  8 bats
  3 giant cockroaches
  8 goblins
  13 hobgoblins
  13 jackals
  3 quokkas (D:3)
  3 ball pythons
  5 frilled lizards
  4 kobolds
  A leopard gecko skeleton (D:4)
  5 rats
88 creatures vanquished.

Notes
Turn   | Place    | Note
-------+----------+-------------------------------------------
     0 | D:1      | Lauz the Merfolk Gladiator began the quest for the Orb.
     0 | D:1      | Reached XP level 1. HP: 16/16 MP: 1/1
   264 | D:1      | Reached XP level 2. HP: 22/22 MP: 2/2
   445 | D:1      | You fall into a shaft and drop 1 floor!
   485 | D:1      | Reached skill level 5 in Polearms
   712 | D:1      | Reached XP level 3. HP: 28/28 MP: 3/3
  1218 | D:2      | You fall into a shaft and drop 1 floor!
  1218 | D:3      | Found a white marble altar of Elyvilon.
  1218 | D:3      | Found an iron altar of Okawaru.
  1218 | D:3      | Found a radiant altar of Vehumet.
  1218 | D:3      | Found a stormy altar of Qazlal.
  1228 | D:3      | Became a worshipper of Warmaster Okawaru
  1378 | D:3      | Found a faded altar of an unknown god.
  1453 | D:3      | Reached skill level 6 in Polearms
  1470 | D:3      | Reached XP level 4. HP: 34/34 MP: 4/4
  1558 | D:3      | Found a snail-covered altar of Cheibriados.
  2353 | D:4      | Reached skill level 7 in Polearms
  2353 | D:4      | Reached XP level 5. HP: 24/40 MP: 5/5
  2478 | D:4      | Found a blossoming altar of Fedhas.
  2651 | D:4      | Reached skill level 5 in Dodging
  2787 | D:4      | Noticed a +0 dagger
  2787 | D:4      | Noticed a +0 dagger
  2794 | D:4      | Found a hide-covered altar of Uskayaw.
  2805 | D:4      | Noticed Eustachio
  2846 | D:4      | Reached XP level 6. HP: 22/47 MP: 6/6
  2947 | D:4      | Killed Eustachio
  2947 | D:4      | Reached * piety under Okawaru
  2947 | D:4      | Reached skill level 8 in Polearms
  3185 | D:4      | Found an ornate altar of the Wu Jian Council.
  3201 | D:4      | Noticed Robin
  3260 | D:3      | Killed Robin
  3464 | D:4      | Reached XP level 7. HP: 51/53 MP: 7/7
  3532 | D:4      | Reached skill level 9 in Polearms
  3774 | D:5      | Entered Level 5 of the Dungeon
  3815 | D:5      | Noticed Ijyb
  3834 | D:5      | HP: 2/53 [Ijyb/bolt of acid (22)]
  3834 | D:5      | Splashed by Ijyb's acid

Levels and vault maps discovered:
D:1:      dpeg_arrival_tiny_c, layout_loops_ring, minmay_misc_feat_pillars
D:2:      layout_basic, nemelex_xobeh_ov_fountains_minmay, tso_oasis_becter
D:3:      layout_loops_ring, old_standard_altar, grunt_temple_overflow_open,
          first_ration, chequers_ecumenical_altar_lobes
D:4:      layout_rooms, overflow_temple_1_default, dancing_weapons_uskayaw,
          overflow_temple_1_default, uniq_robin, uniq_eustachio
D:5:      layout_rooms, nicolae_overflow_crystal_walls, xom_redecorated,
          minmay_misc_feat_ornament, uniq_ijyb

Skill      XL: |  1  2  3  4  5  6  7 |
---------------+----------------------+-----
Polearms       | 5 6 7 8 9 |  9.0
Fighting       | 3 |  3.8
Dodging        | 5 |  5.9
Throwing       | |  2.1
Unarmed Combat | |  0.8

Action                   |  1- 3 |  4- 6 |  7- 9 || total
-------------------------+-------+-------+-------++-------
Melee: Trident           |   138 |   162 |    37 ||   337
       Unarmed           |       |    12 |       ||    12
       Punch             |       |       |     1 ||     1
Invok: Heroism           |       |       |     1 ||     1
 Stab: Sleeping          |     1 |     2 |       ||     3
  Eat: Chunk             |     1 |     7 |     1 ||     9
Armor: Leather armour    |    19 |    38 |    11 ||    68
       Skin              |       |     2 |       ||     2
Dodge: Dodged            |    88 |   145 |    47 ||   280

Table legend:
 A = Non-vault XP
 B = Vault XP
 C = Vault XP percentage of total XP
 D = Non-vault monster count
 E = Vault monster count
 F = Vault count percentage of total count
                 A         B        C        D         E       F
            +---------+---------+-------+---------+---------+-------
      Total |     446 |     226 |  33.6 |      75 |      13 |  14.8
            +---------+---------+-------+---------+---------+-------
        D:1 |      37 |       0 |   0.0 |      22 |       0 |   0.0
        D:2 |       8 |       0 |   0.0 |       3 |       0 |   0.0
        D:3 |     101 |      17 |  14.4 |      37 |       2 |   5.1
        D:4 |     298 |     209 |  41.2 |      12 |      11 |  47.8
        D:5 |       2 |       0 |   0.0 |       1 |       0 |   0.0
            +---------+---------+-------+---------+---------+-------
